[ AOE2 MATCH · #513693754 ]
UnrankedMongols vs Lithuanians
Player's team · WIN
[ REPLAY ANALYSIS · EXTRACTED FROM THE RECORDED GAME ]
Feudal
8:01
Castle
23:47
Imperial
—
| APM avg | 57.1 |
| APM peak | 91 |
| eAPM avg | 26.8 |
| Villagers / military | 83 / 56 |
Focus
⚔️ 55.2% · 🌾 44.8%
Knight ×17 · Scout Cavalry ×9 · Archer ×8 · Camel Scout ×8 · Steppe Lancer ×8 · Monk ×3
Feudal
8:29
Castle
24:36
Imperial
—
| APM avg | 37.0 |
| APM peak | 69 |
| eAPM avg | 19.4 |
| Villagers / military | 68 / 49 |
Focus
⚔️ 33.3% · 🌾 66.7%
Spearman ×27 · Knight ×11 · Monk ×3 · Militia ×3 · Battering Ram ×3 · Scorpion ×2
Match map
Initial resources + every placement click. Lines = walls · curves = elevation contours. ◆ gold · ⬟ stone · ● berries · ✦ relic · ◌ wall gap
Your base· Open — 4t gap
SaleMajstor's base· Open — 5t gap
Smoothed initial terrain · ◌ = detected wall gap · hover for details
Inputs per minute
— ELEG | IronLeg - - SaleMajstor
Build order — ELEG | IronLeg
First 150 of 267 actions detected
| 0:01 | Queue | Villager (Male) |
| 0:02 | Build | House |
| 0:02 | Build | House |
| 0:03 | Queue | Villager (Male) |
| 0:11 | Queue | Villager (Male) |
| 0:12 | Queue | Villager (Male) |
| 0:12 | Queue | Villager (Male) |
| 1:19 | Queue | Villager (Male) |
| 1:20 | Queue | Villager (Male) |
| 1:45 | Build | Lumber Camp |
| 1:48 | Queue | Villager (Male) |
| 2:12 | Queue | Villager (Male) |
| 2:23 | Queue | Villager (Male) |
| 2:23 | Queue | Villager (Male) |
| 3:05 | Queue | Villager (Male) |
| 3:05 | Queue | Villager (Male) |
| 3:14 | Build | House |
| 3:25 | Queue | Villager (Male) |
| 3:41 | Queue | Villager (Male) |
| 3:41 | Queue | Villager (Male) |
| 3:43 | Queue | Villager (Male) |
| 4:25 | Build | Mill |
| 4:50 | Queue | Villager (Male) |
| 4:57 | Research | Loom |
| 5:47 | Research | Feudal Age |
| 5:47 | Research | Feudal Age |
| 5:47 | Research | Feudal Age |
| 6:08 | Queue | Villager (Male) |
| 6:09 | Queue | Villager (Male) |
| 6:38 | Queue | Villager (Male) |
| 6:43 | Build | Barracks |
| 7:00 | Build | House |
| 8:01 | Age | Feudal Age |
| 8:02 | Build | Stable |
| 8:07 | Research | Double-Bit Axe |
| 8:08 | Research | Double-Bit Axe |
| 8:29 | Queue | Villager (Male) |
| 8:41 | Queue | Scout Cavalry |
| 8:46 | Build | Palisade Gate |
| 8:50 | Build | Palisade Wall |
| 8:51 | Build | Palisade Wall |
| 8:52 | Build | Palisade Wall |
| 8:53 | Build | Palisade Wall |
| 8:56 | Build | Palisade Wall |
| 9:00 | Queue | Scout Cavalry |
| 9:03 | Queue | Scout Cavalry |
| 9:06 | Queue | Villager (Male) |
| 9:19 | Build | Watch Tower |
| 9:25 | Queue | Scout Cavalry |
| 10:02 | Queue | Villager (Male) |
| 10:09 | Build | Blacksmith |
| 10:18 | Build | House |
| 10:54 | Queue | Villager (Male) |
| 10:55 | Build | Farm |
| 10:56 | Build | Farm |
| 10:57 | Build | Farm |
| 11:16 | Queue | Villager (Male) |
| 11:27 | Build | Farm |
| 11:29 | Build | Farm |
| 11:33 | Build | Farm |
| 11:37 | Build | House |
| 11:39 | Build | House |
| 11:44 | Queue | Villager (Male) |
| 11:53 | Build | Farm |
| 11:58 | Build | House |
| 11:59 | Build | Palisade Wall |
| 12:06 | Queue | Villager (Male) |
| 12:27 | Queue | Villager (Male) |
| 12:44 | Build | Archery Range |
| 12:54 | Queue | Villager (Male) |
| 13:01 | Build | Mining Camp |
| 13:04 | Queue | Villager (Male) |
| 13:38 | Queue | Archer |
| 13:51 | Queue | Villager (Male) |
| 13:53 | Build | Farm |
| 14:02 | Build | Farm |
| 14:08 | Queue | Scout Cavalry |
| 14:12 | Build | Farm |
| 14:15 | Build | Farm |
| 14:19 | Queue | Villager (Male) |
| 14:32 | Queue | Archer |
| 14:34 | Queue | Scout Cavalry |
| 14:43 | Queue | Archer |
| 14:52 | Queue | Villager (Male) |
| 14:58 | Build | Farm |
| 15:18 | Queue | Archer |
| 15:29 | Queue | Villager (Male) |
| 15:34 | Build | Farm |
| 15:39 | Build | Palisade Wall |
| 16:05 | Queue | Villager (Male) |
| 16:06 | Build | Palisade Wall |
| 16:19 | Queue | Villager (Male) |
| 16:25 | Build | Palisade Wall |
| 16:32 | Queue | Villager (Male) |
| 16:32 | Queue | Villager (Male) |
| 16:35 | Build | Mill |
| 16:36 | Build | Farm |
| 16:36 | Build | Farm |
| 16:36 | Build | Farm |
| 16:37 | Build | Farm |
| 16:38 | Queue | Villager (Male) |
| 16:55 | Build | Farm |
| 16:56 | Queue | Villager (Male) |
| 17:12 | Build | House |
| 17:13 | Build | House |
| 17:17 | Build | House |
| 17:26 | Queue | Villager (Male) |
| 17:28 | Build | House |
| 17:40 | Build | House |
| 17:44 | Queue | Archer |
| 17:52 | Research | Fletching |
| 17:57 | Build | Farm |
| 17:58 | Build | Farm |
| 18:03 | Queue | Archer |
| 18:05 | Queue | Scout Cavalry |
| 18:30 | Queue | Villager (Male) |
| 18:39 | Build | Farm |
| 18:40 | Build | Farm |
| 18:51 | Queue | Villager (Male) |
| 19:01 | Build | House |
| 19:03 | Queue | Archer |
| 19:09 | Build | Farm |
| 19:21 | Queue | Archer |
| 19:30 | Queue | Villager (Male) |
| 19:46 | Queue | Villager (Male) |
| 20:11 | Queue | Villager (Male) |
| 21:07 | Research | Castle Age |
| 21:08 | Research | Castle Age |
| 21:15 | Research | Gold Mining |
| 21:35 | Research | Bloodlines |
| 22:05 | Research | Scale Barding Armor |
| 22:28 | Build | Stable |
| 22:38 | Research | Forging |
| 22:41 | Research | Wheelbarrow |
| 22:50 | Research | Horse Collar |
| 22:51 | Research | Horse Collar |
| 23:09 | Build | Palisade Wall |
| 23:10 | Build | Palisade Wall |
| 23:28 | Build | Palisade Wall |
| 23:28 | Build | Palisade Wall |
| 23:29 | Build | Palisade Wall |
| 23:30 | Build | Palisade Wall |
| 23:30 | Build | Palisade Wall |
| 23:31 | Build | Palisade Wall |
| 23:47 | Age | Castle Age |
| 23:50 | Queue | Knight |
| 23:50 | Queue | Knight |
| 24:09 | Queue | Knight |
| 24:10 | Queue | Knight |
| 24:26 | Build | Market |
Build order — SaleMajstor
First 150 of 225 actions detected
| 0:00 | Queue | Villager (Male) |
| 0:01 | Queue | Villager (Male) |
| 0:01 | Queue | Villager (Male) |
| 0:01 | Queue | Villager (Male) |
| 0:02 | Queue | Villager (Male) |
| 0:03 | Build | House |
| 0:03 | Build | House |
| 0:27 | Queue | Villager (Male) |
| 1:33 | Queue | Villager (Male) |
| 1:58 | Queue | Villager (Male) |
| 2:10 | Build | Lumber Camp |
| 2:14 | Queue | Villager (Male) |
| 2:47 | Queue | Villager (Male) |
| 2:54 | Build | House |
| 2:56 | Build | Palisade Wall |
| 3:13 | Queue | Villager (Male) |
| 3:22 | Queue | Villager (Male) |
| 4:13 | Queue | Villager (Male) |
| 4:31 | Queue | Villager (Male) |
| 5:17 | Build | Barracks |
| 5:54 | Research | Loom |
| 6:18 | Research | Feudal Age |
| 6:30 | Queue | Militia |
| 6:38 | Build | House |
| 6:44 | Queue | Militia |
| 6:51 | Build | House |
| 7:13 | Queue | Militia |
| 7:48 | Build | Mining Camp |
| 7:51 | Queue | Villager (Male) |
| 8:29 | Age | Feudal Age |
| 8:37 | Research | Man-at-Arms (upgrade) |
| 8:41 | Build | Mill |
| 9:02 | Build | Watch Tower |
| 9:02 | Queue | Villager (Male) |
| 9:29 | Queue | Villager (Male) |
| 9:55 | Queue | Villager (Male) |
| 10:09 | Queue | Spearman |
| 10:26 | Build | Watch Tower |
| 10:32 | Queue | Villager (Male) |
| 11:02 | Queue | Villager (Male) |
| 11:05 | Build | Farm |
| 11:06 | Build | Farm |
| 11:11 | Build | Farm |
| 11:11 | Build | Farm |
| 11:21 | Build | Stone Wall |
| 11:22 | Build | Stone Wall |
| 11:29 | Queue | Villager (Male) |
| 11:34 | Build | House |
| 11:39 | Build | Palisade Wall |
| 11:50 | Queue | Villager (Male) |
| 11:53 | Build | Palisade Wall |
| 12:08 | Queue | Villager (Male) |
| 12:17 | Queue | Spearman |
| 12:36 | Queue | Villager (Male) |
| 12:42 | Build | House |
| 12:45 | Build | Palisade Wall |
| 12:49 | Build | Palisade Wall |
| 12:51 | Build | Palisade Wall |
| 12:53 | Build | Palisade Wall |
| 12:54 | Queue | Spearman |
| 13:14 | Queue | Villager (Male) |
| 13:38 | Queue | Villager (Male) |
| 13:53 | Build | Mill |
| 13:55 | Queue | Villager (Male) |
| 13:56 | Queue | Villager (Male) |
| 14:10 | Build | Palisade Wall |
| 14:12 | Build | Palisade Wall |
| 14:20 | Queue | Villager (Male) |
| 14:31 | Build | Palisade Wall |
| 14:33 | Queue | Villager (Male) |
| 14:50 | Research | Double-Bit Axe |
| 15:11 | Build | Farm |
| 15:20 | Queue | Villager (Male) |
| 15:59 | Queue | Spearman |
| 16:12 | Queue | Villager (Male) |
| 16:12 | Queue | Villager (Male) |
| 16:36 | Queue | Villager (Male) |
| 16:40 | Build | Palisade Gate |
| 16:42 | Build | Watch Tower |
| 16:49 | Build | Farm |
| 16:50 | Build | Farm |
| 16:56 | Build | House |
| 17:07 | Build | House |
| 17:11 | Queue | Villager (Male) |
| 17:31 | Build | Farm |
| 17:32 | Build | Farm |
| 17:41 | Build | Mining Camp |
| 17:44 | Queue | Villager (Male) |
| 17:51 | Queue | Spearman |
| 18:05 | Build | Watch Tower |
| 18:12 | Queue | Villager (Male) |
| 18:18 | Build | Farm |
| 18:21 | Build | Farm |
| 18:23 | Build | Farm |
| 18:59 | Build | Market |
| 19:03 | Queue | Villager (Male) |
| 19:23 | Build | House |
| 19:30 | Queue | Villager (Male) |
| 19:30 | Queue | Villager (Male) |
| 19:36 | Build | House |
| 19:48 | Build | Blacksmith |
| 20:11 | Build | Watch Tower |
| 20:15 | Build | House |
| 20:28 | Build | Palisade Wall |
| 20:29 | Build | Palisade Wall |
| 20:33 | Build | House |
| 20:35 | Build | House |
| 20:50 | Queue | Villager (Male) |
| 21:02 | Build | Farm |
| 21:03 | Build | Farm |
| 21:04 | Build | Farm |
| 21:09 | Build | Farm |
| 21:13 | Build | House |
| 21:17 | Build | Palisade Wall |
| 21:46 | Build | Lumber Camp |
| 21:57 | Research | Castle Age |
| 22:25 | Build | Palisade Wall |
| 22:30 | Build | Stable |
| 22:43 | Research | Horse Collar |
| 22:48 | Queue | Villager (Male) |
| 23:12 | Build | Stable |
| 23:25 | Research | Bloodlines |
| 23:36 | Research | Scale Barding Armor |
| 23:55 | Build | Stable |
| 24:36 | Age | Castle Age |
| 24:40 | Queue | Knight |
| 24:40 | Queue | Knight |
| 24:40 | Queue | Knight |
| 24:41 | Queue | Knight |
| 24:50 | Queue | Villager (Male) |
| 24:55 | Build | Siege Workshop |
| 24:58 | Queue | Villager (Male) |
| 25:03 | Queue | Knight |
| 25:26 | Build | Lumber Camp |
| 25:30 | Build | House |
| 25:34 | Build | House |
| 26:14 | Build | House |
| 26:17 | Build | House |
| 26:20 | Queue | Knight |
| 26:20 | Queue | Knight |
| 26:23 | Queue | Scorpion |
| 26:23 | Queue | Scorpion |
| 26:38 | Queue | Villager (Male) |
| 26:39 | Queue | Villager (Male) |
| 26:51 | Build | House |
| 26:59 | Queue | Villager (Male) |
| 27:39 | Queue | Villager (Male) |
| 27:39 | Queue | Villager (Male) |
| 27:45 | Build | Monastery |
| 27:48 | Queue | Villager (Male) |
Match timeline
| 2:56 | SaleMajstor · wall_segment Palisade Wall x2 |
| 5:17 | SaleMajstor · first_building Barracks |
| 6:43 | ELEG | IronLeg · first_building Barracks |
| 8:01 | ELEG | IronLeg · age_up feudal |
| 8:02 | ELEG | IronLeg · first_building Stable |
| 8:29 | SaleMajstor · age_up feudal |
| 8:50 | ELEG | IronLeg · wall_segment Palisade Wall x1 |
| 8:51 | ELEG | IronLeg · wall_segment Palisade Wall x1 |
| 8:52 | ELEG | IronLeg · wall_segment Palisade Wall x1 |
| 8:53 | ELEG | IronLeg · wall_segment Palisade Wall x1 |
| 8:56 | ELEG | IronLeg · wall_segment Palisade Wall x1 |
| 11:21 | SaleMajstor · wall_segment Stone Wall x1 |
| 11:22 | SaleMajstor · wall_segment Stone Wall x1 |
| 11:39 | SaleMajstor · wall_segment Palisade Wall x11 |
| 11:53 | SaleMajstor · wall_segment Palisade Wall x4 |
| 11:59 | ELEG | IronLeg · wall_segment Palisade Wall x5 |
| 12:44 | ELEG | IronLeg · first_building Archery Range |
| 12:45 | SaleMajstor · wall_segment Palisade Wall x1 |
| 12:49 | SaleMajstor · wall_segment Palisade Wall x1 |
| 12:51 | SaleMajstor · wall_segment Palisade Wall x1 |
| 12:53 | SaleMajstor · wall_segment Palisade Wall x1 |
| 14:10 | SaleMajstor · wall_segment Palisade Wall x6 |
| 14:12 | SaleMajstor · wall_segment Palisade Wall x7 |
| 14:31 | SaleMajstor · wall_segment Palisade Wall x10 |
| 15:39 | ELEG | IronLeg · wall_segment Palisade Wall x1 |
| 16:06 | ELEG | IronLeg · wall_segment Palisade Wall x1 |
| 16:25 | ELEG | IronLeg · wall_segment Palisade Wall x1 |
| 20:07 | SaleMajstor · first_market_sell 100 food |
| 20:07 | SaleMajstor · first_market_buy 100 stone |
| 20:28 | SaleMajstor · wall_segment Palisade Wall x1 |
| 20:29 | SaleMajstor · wall_segment Palisade Wall x1 |
| 21:17 | SaleMajstor · wall_segment Palisade Wall x1 |
| 22:25 | SaleMajstor · wall_segment Palisade Wall x1 |
| 22:30 | SaleMajstor · first_building Stable |
| 23:09 | ELEG | IronLeg · wall_segment Palisade Wall x1 |
| 23:10 | ELEG | IronLeg · wall_segment Palisade Wall x1 |
| 23:28 | ELEG | IronLeg · wall_segment Palisade Wall x1 |
| 23:28 | ELEG | IronLeg · wall_segment Palisade Wall x1 |
| 23:29 | ELEG | IronLeg · wall_segment Palisade Wall x1 |
| 23:30 | ELEG | IronLeg · wall_segment Palisade Wall x1 |
| 23:30 | ELEG | IronLeg · wall_segment Palisade Wall x1 |
| 23:31 | ELEG | IronLeg · wall_segment Palisade Wall x1 |
| 23:47 | ELEG | IronLeg · age_up castle |
| 24:36 | SaleMajstor · age_up castle |
| 24:55 | SaleMajstor · first_building Siege Workshop |
| 25:31 | ELEG | IronLeg · first_market_buy 100 stone |
| 27:45 | SaleMajstor · first_building Monastery |
| 30:39 | ELEG | IronLeg · first_building Monastery |
| 33:26 | ELEG | IronLeg · first_building Castle |
| 35:23 | SaleMajstor · resign |
[ AI ANALYSIS · 1 CREDIT ]
What really happened in this match?
Wolo.gg analyzes every decision: build order, eco, micro, common mistakes by bracket. Personalized analysis on WhatsApp or Discord in 30 seconds.
Civ guide
Mongols
Perfil
Jugador #932389